TOP OF THE 1ST |
Kansas City Royals batting - Pitching for California Angels : RHP Eric Prevost
|
Pitching: RHP Eric Prevost
|
|
Batting: LHB Rick Manning
|
0-0: Ball 1-0: Foul Ball, location: 2F 1-1: Ball 2-1: Foul Ball, location: 2F 2-2: Foul Ball, location: 2F 2-2: Ball 3-2: SINGLE (Line Drive, 34D, EV 96.3 MPH)
|
Batting: RHB Rickey Henderson
|
0-0: Ball 1-0: Called Strike 1-1: Ball 2-1: Swinging Strike 2-2: SINGLE (Flyball, 34D, EV 80.6 MPH) Rick Manning to second
|
Batting: LHB Alvin Davis
|
0-0: Swinging Strike 0-1: Foul Ball, location: 2F 0-2: Ball 1-2: Foul Ball, location: 2F 1-2: Ball 2-2: Foul Ball, location: 2F 2-2: Ball 3-2: Fielders Choice at 2nd, 4-6 (Groundball, 4, EV 79.4 MPH) Rick Manning to third
|
Batting: LHB Gene Richards
|
0-0: Called Strike 0-1: Swinging Strike 0-2: Foul Ball, location: 2F 0-2: Foul Ball, location: 2F 0-2: Ball 1-2: Ground out 5-3 (Groundball, 5S, EV 67.5 MPH) Rick Manning scores Alvin Davis to second
|
Batting: RHB Gary Carter
|
0-0: Called Strike 0-1: Ground out U3 (Groundball, 34, EV 86.9 MPH)
|
Top of the 1st over - 1 run, 2 hits, 0 errors, 1 left on base; Kansas City 1 - California 0 |
BOTTOM OF THE 1ST |
California Angels batting - Pitching for Kansas City Royals : RHP Dan Petry
|
Pitching: RHP Dan Petry
|
|
Batting: RHB Frank White
|
0-0: Ball 1-0: Fly out, F8 (Flyball, 78D, EV 89.4 MPH)
|
Batting: RHB Jeff Atherton
|
0-0: Called Strike 0-1: Called Strike 0-2: Fly out, F4 (Line Drive, 4, EV 69.4 MPH)
|
Batting: SHB Jon Hernandez
|
0-0: Fly out, F8 (Flyball, 8LS, EV 90.6 MPH)
|
Bottom of the 1st over - 0 runs, 0 hits, 0 errors, 0 left on base; Kansas City 1 - California 0 |
TOP OF THE 2ND |
Kansas City Royals batting - Pitching for California Angels : RHP Eric Prevost
|
Batting: LHB Jim Eisenreich
|
0-0: Foul Ball, location: 2F 0-1: Called Strike 0-2: Ball 1-2: Foul Ball, location: 2F 1-2: Ball 2-2: Ball 3-2: Strikes out looking
|
Batting: LHB Brad Mills
|
0-0: Ground out 3-1 (Groundball, 34S, EV 84.4 MPH)
|
Batting: RHB Adrian Monrreal
|
0-0: Ground out 5-3 (Groundball, 56, EV 109.4 MPH)
|
Top of the 2nd over - 0 runs, 0 hits, 0 errors, 0 left on base; Kansas City 1 - California 0 |
BOTTOM OF THE 2ND |
California Angels batting - Pitching for Kansas City Royals : RHP Dan Petry
|
Batting: LHB Jason D Thompson
|
0-0: Ground out 6-3 (Groundball, 6, EV 89.4 MPH)
|
Batting: LHB Brian Rosinski
|
0-0: Called Strike 0-1: Called Strike 0-2: Ball 1-2: Strikes out swinging
|
Batting: SHB Manny Castillo
|
0-0: Ball 1-0: Ball 2-0: Ball 3-0: Called Strike 3-1: Foul Ball, location: 2F 3-2: Ground out 3-1 (Groundball, 34, EV 81.3 MPH)
|
Bottom of the 2nd over - 0 runs, 0 hits, 0 errors, 0 left on base; Kansas City 1 - California 0 |
TOP OF THE 3RD |
Kansas City Royals batting - Pitching for California Angels : RHP Eric Prevost
|
Batting: RHB Charlie O'Brien
|
0-0: Called Strike 0-1: Ball 1-1: SINGLE (Line Drive, 34, EV 96.9 MPH)
|
Batting: LHB Rick Manning
|
0-0: Ground out U3 (Groundball, 3S, EV 61.3 MPH) Charlie O'Brien to second
|
Batting: RHB Rickey Henderson
|
0-0: Called Strike 0-1: Ball 1-1: Swinging Strike 1-2: Strikes out swinging
|
Batting: LHB Alvin Davis
|
0-0: Ball 1-0: Ball 2-0: Called Strike 2-1: Swinging Strike 2-2: Fly out, F5 (Popup, 5, EV 73.1 MPH)
|
Top of the 3rd over - 0 runs, 1 hit, 0 errors, 1 left on base; Kansas City 1 - California 0 |
BOTTOM OF THE 3RD |
California Angels batting - Pitching for Kansas City Royals : RHP Dan Petry
|
Batting: SHB Ignacio Medina
|
0-0: Called Strike 0-1: SINGLE (Groundball, 25, EV 65.6 MPH) (infield hit)
|
Batting: RHB Carlos Pimentel
|
0-0: Called Strike 0-1: Ball 1-1: Called Strike 1-2: Ball 2-2: Fly out, F7 (Line Drive, 7, EV 94.4 MPH)
|
Batting: LHB Geno Petralli
|
0-0: Called Strike 0-1: Ball 1-1: Called Strike 1-2: Strikes out swinging
|
Batting: RHB Frank White
|
0-0: Ball 1-0: Foul Ball, location: 2F 1-1: Swinging Strike 1-2: Ball 2-2: Strikes out swinging
|
Bottom of the 3rd over - 0 runs, 1 hit, 0 errors, 1 left on base; Kansas City 1 - California 0 |
TOP OF THE 4TH |
Kansas City Royals batting - Pitching for California Angels : RHP Eric Prevost
|
Batting: LHB Gene Richards
|
0-0: Ball 1-0: Called Strike 1-1: Ball 2-1: Ground out 5-3 (Groundball, 5, EV 86.3 MPH)
|
Batting: RHB Gary Carter
|
0-0: Called Strike 0-1: Ground out 3-1 (Groundball, 34S, EV 83.1 MPH)
|
Batting: LHB Jim Eisenreich
|
0-0: Called Strike 0-1: Swinging Strike 0-2: Ground out U3 (Groundball, 34, EV 84.4 MPH)
|
Top of the 4th over - 0 runs, 0 hits, 0 errors, 0 left on base; Kansas City 1 - California 0 |
BOTTOM OF THE 4TH |
California Angels batting - Pitching for Kansas City Royals : RHP Dan Petry
|
Batting: RHB Jeff Atherton
|
0-0: Ball 1-0: Called Strike 1-1: Ball 2-1: Foul Ball, location: 2F 2-2: Ground out 3-1 (Groundball, 34, EV 83.1 MPH)
|
Batting: SHB Jon Hernandez
|
0-0: Ball 1-0: Called Strike 1-1: Swinging Strike 1-2: Ball 2-2: Reached on error, E3 (Groundball, 34D, EV 101.9 MPH)
|
Batting: LHB Jason D Thompson
|
0-0: Ball 1-0: SINGLE (Line Drive, 4D, EV 110.0 MPH) Jon Hernandez to third Runner from 3rd tries for Home, SAFE, throw by RF to home
|
Batting: LHB Brian Rosinski
|
0-0: Called Strike 0-1: Ball 1-1: Swinging Strike 1-2: Strikes out swinging
|
Batting: SHB Manny Castillo
|
0-0: Ball 1-0: Ball 2-0: Fly out, F4 (Line Drive, 4, EV 65.6 MPH)
|
Bottom of the 4th over - 1 run, 1 hit, 1 error, 1 left on base; Kansas City 1 - California 1 |
TOP OF THE 5TH |
Kansas City Royals batting - Pitching for California Angels : RHP Eric Prevost
|
Batting: LHB Brad Mills
|
0-0: Ball 1-0: Ball 2-0: Foul Ball, location: 2F 2-1: SINGLE (Groundball, 34D, EV 110.6 MPH)
|
Batting: RHB Adrian Monrreal
|
0-0: Sac Bunt to 13S - play at first, batter OUT! 1-3 Brad Mills to second
|
Batting: RHB Charlie O'Brien
|
0-0: Swinging Strike 0-1: Ball 1-1: Foul Ball, location: 2F 1-2: Ball 2-2: Foul Ball, location: 2F 2-2: Foul Ball, location: 2F 2-2: Ball 3-2: Foul Ball, location: 2F 3-2: DOUBLE (Flyball, 89XD, EV 106.3 MPH) Brad Mills scores
|
Batting: LHB Rick Manning
|
0-0: Foul Ball, location: 2F 0-1: Foul Ball, location: 2F 0-2: Foul Ball, location: 2F 0-2: Foul Ball, location: 2F 0-2: SINGLE (Line Drive, 4MD, EV 96.3 MPH) Charlie O'Brien to third Runner from 3rd tries for Home, throw by CF and OUT! 8-2 Rick Manning to second
|
Batting: RHB Rickey Henderson
|
0-0: Ground out 5-3 (Groundball, 5, EV 98.8 MPH)
|
Top of the 5th over - 1 run, 3 hits, 0 errors, 1 left on base; Kansas City 2 - California 1 |
BOTTOM OF THE 5TH |
California Angels batting - Pitching for Kansas City Royals : RHP Dan Petry
|
Batting: SHB Ignacio Medina
|
0-0: Called Strike 0-1: Ball 1-1: Foul Ball, location: 2F 1-2: Ball 2-2: Ground out 2-3 (Groundball, 2L, EV 71.9 MPH)
|
Batting: RHB Carlos Pimentel
|
0-0: Foul Ball, location: 2F 0-1: Ball 1-1: Foul Ball, location: 2F 1-2: Ball 2-2: Ball 3-2: Strikes out swinging
|
Batting: LHB Geno Petralli
|
0-0: Ball 1-0: Called Strike 1-1: Ball 2-1: Ball 3-1: Called Strike 3-2: Fly out, F6 (Popup, 6MS, EV 64.4 MPH)
|
Bottom of the 5th over - 0 runs, 0 hits, 0 errors, 0 left on base; Kansas City 2 - California 1 |
TOP OF THE 6TH |
Kansas City Royals batting - Pitching for California Angels : RHP Eric Prevost
|
Batting: LHB Alvin Davis
|
0-0: Ball 1-0: Ball 2-0: Foul Ball, location: 2F 2-1: Ball 3-1: Base on Balls
|
Batting: LHB Gene Richards
|
0-0: Ball 1-0: Called Strike 1-1: Fly out, F7 (Flyball, 78S, EV 83.1 MPH)
|
Batting: RHB Gary Carter
|
0-0: Called Strike Alvin Davis is caught stealing 2nd base 2-4 0-1: Ball 1-1: Ball 2-1: Swinging Strike 2-2: Strikes out swinging
|
Top of the 6th over - 0 runs, 0 hits, 0 errors, 0 left on base; Kansas City 2 - California 1 |
BOTTOM OF THE 6TH |
California Angels batting - Pitching for Kansas City Royals : RHP Dan Petry
|
Batting: RHB Frank White
|
0-0: Called Strike 0-1: Ball 1-1: Ball 2-1: Swinging Strike 2-2: Foul Ball, location: 2F 2-2: Strikes out swinging
|
Batting: RHB Jeff Atherton
|
0-0: Called Strike 0-1: Foul Ball, location: 2F 0-2: Ball 1-2: Foul Ball, location: 2F 1-2: Fly out, F5 (Line Drive, 5, EV 71.9 MPH)
|
Batting: SHB Jon Hernandez
|
0-0: Ball 1-0: Swinging Strike 1-1: Fly out, F8 (Flyball, 78D, EV 88.1 MPH)
|
Bottom of the 6th over - 0 runs, 0 hits, 0 errors, 0 left on base; Kansas City 2 - California 1 |
TOP OF THE 7TH |
Kansas City Royals batting - Pitching for California Angels : RHP Eric Prevost
|
Batting: LHB Jim Eisenreich
|
0-0: Foul Ball, location: 2F 0-1: Fly out, F6 (Line Drive, 6, EV 70.6 MPH)
|
Batting: LHB Brad Mills
|
0-0: Called Strike 0-1: Ball 1-1: Ground out 4-3 (Groundball, 4, EV 110.0 MPH)
|
Batting: RHB Adrian Monrreal
|
0-0: Ground out 6-3 (Groundball, 6, EV 82.5 MPH)
|
Top of the 7th over - 0 runs, 0 hits, 0 errors, 0 left on base; Kansas City 2 - California 1 |
BOTTOM OF THE 7TH |
California Angels batting - Pitching for Kansas City Royals : RHP Dan Petry
|
Batting: LHB Jason D Thompson
|
0-0: Ball 1-0: Ball 2-0: Ball 3-0: Called Strike 3-1: SINGLE (Line Drive, 7S, EV 86.3 MPH)
|
Batting: LHB Brian Rosinski
|
0-0: Foul Ball, location: 2F 0-1: Fly out, F7 (Flyball, 78D, EV 77.5 MPH)
|
Batting: SHB Manny Castillo
|
0-0: Called Strike 0-1: Foul Ball, location: 2F 0-2: Fly out, F4 (Line Drive, 4, EV 63.8 MPH)
|
Batting: SHB Ignacio Medina
|
0-0: Called Strike 0-1: Ball 1-1: Ball 2-1: SINGLE (Line Drive, 7S, EV 89.4 MPH) Jason D Thompson to second
|
Pinch Hitting: SHB Charles Valley
|
0-0: Fly out, F8 (Flyball, 8LXD, EV 97.5 MPH)
|
Bottom of the 7th over - 0 runs, 2 hits, 0 errors, 2 left on base; Kansas City 2 - California 1 |
TOP OF THE 8TH |
Kansas City Royals batting - Pitching for California Angels : RHP Eric Prevost
|
Now in RF: John Milner
|
|
Batting: RHB Charlie O'Brien
|
0-0: Foul Ball, location: 2F 0-1: Called Strike 0-2: Strikes out swinging
|
Batting: LHB Rick Manning
|
0-0: Called Strike 0-1: Swinging Strike 0-2: Strikes out looking
|
Batting: RHB Rickey Henderson
|
0-0: Ball 1-0: SOLO HOME RUN (Flyball, 7D, EV 101.9 MPH), Distance : 390 ft
|
Batting: LHB Alvin Davis
|
0-0: Called Strike 0-1: Ball 1-1: Ball 2-1: SOLO HOME RUN (Flyball, 78XD, EV 96.9 MPH), Distance : 416 ft
|
Batting: LHB Gene Richards
|
0-0: Called Strike 0-1: Ball 1-1: Ball 2-1: TRIPLE (Line Drive, 78XD, EV 106.3 MPH)
|
Batting: RHB Gary Carter
|
0-0: Swinging Strike 0-1: Ball 1-1: Ground out 6-3 (Groundball, 6, EV 83.8 MPH)
|
Top of the 8th over - 2 runs, 3 hits, 0 errors, 1 left on base; Kansas City 4 - California 1 |
BOTTOM OF THE 8TH |
California Angels batting - Pitching for Kansas City Royals : RHP Dan Petry
|
Batting: LHB Geno Petralli
|
0-0: Ball 1-0: Fly out, F8 (Line Drive, 8RD, EV 101.9 MPH)
|
Batting: RHB Frank White
|
0-0: Ball 1-0: DOUBLE (Flyball, 89D, EV 91.9 MPH)
|
Batting: RHB Jeff Atherton
|
0-0: Called Strike 0-1: Called Strike 0-2: Ball 1-2: Foul Ball, location: 2F 1-2: Ball 2-2: Ball 3-2: Fly out, F7 (Flyball, 7LD, EV 104.4 MPH) Runner from 2nd tags up, SAFE at 3rd, no throw by LF
|
Batting: SHB Jon Hernandez
|
0-0: Ball 1-0: Swinging Strike 1-1: Fly out, F8 (Flyball, 8RD, EV 90.6 MPH)
|
Bottom of the 8th over - 0 runs, 1 hit, 0 errors, 1 left on base; Kansas City 4 - California 1 |
TOP OF THE 9TH |
Kansas City Royals batting - Pitching for California Angels : RHP Eric Prevost
|
Batting: LHB Jim Eisenreich
|
0-0: Foul Ball, location: 2F 0-1: Ball 1-1: Ball 2-1: Ball 3-1: Base on Balls
|
Pitching: LHP Richard Broas
|
|
Batting: LHB Brad Mills
|
0-0: Ball 1-0: Fly out, F6 (Popup, 6S, EV 71.3 MPH)
|
Batting: RHB Adrian Monrreal
|
0-0: Fly out, F9 (Flyball, 9LM, EV 92.5 MPH)
|
Batting: RHB Charlie O'Brien
|
0-0: Ball 1-0: Called Strike 1-1: Ball 2-1: Swinging Strike 2-2: Strikes out swinging
|
Top of the 9th over - 0 runs, 0 hits, 0 errors, 1 left on base; Kansas City 4 - California 1 |
BOTTOM OF THE 9TH |
California Angels batting - Pitching for Kansas City Royals : RHP Dan Petry
|
Batting: LHB Jason D Thompson
|
0-0: Ball 1-0: SOLO HOME RUN (Flyball, 9LD, EV 93.1 MPH), Distance : 349 ft
|
Batting: LHB Brian Rosinski
|
0-0: Called Strike 0-1: Foul Ball, location: 2F 0-2: Strikes out swinging
|
Batting: SHB Manny Castillo
|
0-0: Ball 1-0: Called Strike 1-1: Ground out 6-3 (Groundball, 6, EV 87.5 MPH)
|
Batting: SHB Ignacio Medina
|
0-0: Ball 1-0: Swinging Strike 1-1: Swinging Strike 1-2: Ball 2-2: SOLO HOME RUN (Flyball, 9D, EV 111.3 MPH), Distance : 392 ft
|
Batting: LHB John Milner
|
0-0: Ball 1-0: Ball 2-0: Foul Ball, location: 2F 2-1: Ball 3-1: Called Strike 3-2: Fly out, F8 (Flyball, 8LXD, EV 98.8 MPH)
|
Bottom of the 9th over - 2 runs, 2 hits, 0 errors, 0 left on base; Kansas City 4 - California 3 |
|